 Dungeon Crawl Stone Soup version 0.16-a0-328-gfd822c7 (webtiles) character file.

1615 Ratboiler the Transmogrifier (level 8, 0/48 HPs)
             Began as an Octopode Transmuter on Sept 6, 2014.
             Slain by an orc
             ... wielding a +0 flail
              (9 damage)
             ... on Level 6 of the Dungeon.
             The game lasted 00:26:48 (8892 turns).

Ratboiler the Transmogrifier (Octopode Transmuter)  Turns: 8892, Time: 00:26:49

HP   0/48        AC  1     Str  9      XL: 8   Next: 96%
MP  25/29        EV 12     Int 15      God:
Gold 254         SH  0     Dex 15      Spells:  4 memorised,  6 levels left

rFire  . . .     SeeInvis .     h - melded +0 long sword (slice)
rCold  . . .     Clarity  .     (shield currently unavailable)
rNeg   . . .     rCorr    .     (helmet restricted)
rPois  .         rRot     .     (no amulet)
rElec  .         Spirit   .     s - ring of teleport control
SustAb .         Warding  .     u - ring of magical power
rMut   .         Stasis   .     (no ring)
Gourm  .                        (no ring)
MR     .....                    (no ring)
                                (no ring)
                                (no ring)
                                (no ring)

@: blade tentacles, not resistant to hostile enchantments, unstealthy
A: almost no armour, amphibious, 8 rings, constrict 8, camouflage 1, gelatinous
body 1
a: End Transformation, Evoke Teleport Control


You were on level 6 of the Dungeon.
You were not hungry.
Your tentacles were blades.
You visited 1 branch of the dungeon, and saw 6 of its levels.
You also visited: Sewer.

You collected 254 gold pieces.

Inventory:

Hand weapons
 h - a +0 long sword of slicing (melded)
 n - a +0 dagger of venom
 o - a +2 dagger of holy wrath
 q - a +0 dagger of freezing
 v - a +1 dagger of flaming
Missiles
 b - 51 arrows
 C - 5 poisoned needles
Magical devices
 t - a wand of fireball (2)
Comestibles
 a - 5 bread rations
 i - a meat ration
 E - 2 chunks of orc flesh
Scrolls
 c - 2 scrolls of recharging {unknown}
 f - a scroll of magic mapping {unknown}
 k - 2 scrolls of remove curse
 w - a scroll of identify {unknown}
 x - a scroll of immolation {unknown}
 y - a scroll of fear {unknown}
 z - 2 scrolls of enchant armour {unknown}
 B - 2 scrolls of teleportation
 D - a scroll of random uselessness {unknown}
Jewellery
 s - a ring of teleport control (left scythe-like blade)
 u - a ring of magical power (right scythe-like blade)
Potions
 e - a potion of lignification {unknown}
 g - a potion of resistance {unknown}
 j - a potion of flight {unknown}
 m - a potion of confusion {unknown}
 p - 2 potions of might {unknown}
 r - 2 potions of restore abilities {unknown}
Books
 d - a book of Changes

   Spells                             Type                      Level
   *Beastly Appendage                 Transmutation                1
   *Sticks to Snakes                  Transmutation                2
   *Spider Form                       Transmutation/Poison         3
   Ice Form                           Ice/Transmutation            4
   *Blade Hands                       Transmutation                5
 l - a book of Envenomations

   Spells                             Type                      Level
   *Spider Form                       Transmutation/Poison         3
   Alistair's Intoxication            Transmutation/Poison         4
   Olgreb's Toxic Radiance            Poison                       4
   Poisonous Cloud                    Conjuration/Poison/Air       6
 A - a book of Dreams

   Spells                             Type                      Level
   Ensorcelled Hibernation            Hexes/Ice                    2
   Flight                             Charms/Air                   3
   Phase Shift                        Translocation                5
   Shadow Creatures                   Summoning                    5
   Mass Confusion                     Hexes                        6
   Darkness                           Hexes                        7


   Skills:
 - Level 1.0 Fighting
 - Level 2.0 Dodging
 - Level 3.6 Unarmed Combat
 * Level 5.1 Spellcasting
 + Level 9.6 Transmutations


You had 6 spell levels left.
You knew the following spells:

 Your Spells              Type           Power        Failure   Level  Hunger
a - Beastly Appendage     Trmt           ####..       12%         1    None
b - Sticks to Snakes      Trmt           ####......   12%         2    #......
c - Spider Form           Trmt/Pois      ###.......   45%         3    ###....
d - Blade Hands           Trmt           ####......   50%         5    #####..


Dungeon Overview and Level Annotations

Branches:
Dungeon (6/15)
 Temple: D:4-7

Altars:
Makhleb
Nemelex Xobeh
Vehumet

Annotations:
D:3 runewalsh's ghost, weakling TrWz
D:4 Duvessa; Menkaure; Ratboiler's ghost, average OpTm


Innate Abilities, Weirdness & Mutations

You cannot wear most types of armour.
You are amphibious.
You can wear up to eight rings at the same time.
You can use your tentacles to constrict many enemies at once.
Your skin changes colour to match your surroundings (Stealth).
Your rubbery body absorbs attacks (AC +1).


Message History

You constrict the orc wizard.
You kill the orc wizard!
The orc hits you with a flail.
* * * LOW HITPOINT WARNING * * *
The orc hits you.
* * * LOW HITPOINT WARNING * * *
You hit the orc but do no damage. Your grab misses the orc.
The orc barely misses you. The orc closely misses you.
Unknown command.
You hit the orc but do no damage. You grab the orc. You constrict the orc.
The orc misses you. The orc barely misses you.
Unknown command.
You hit the orc but do no damage.
The orc is heavily wounded.
You constrict the orc. The orc misses you.
Unknown command.
You slash the orc!
You kill the orc!
The orc hits you with a flail!
You die...

##..#...#### .
#..######... ..
##..# ###. ....
#..## ## .....#
##..# #
......#####..## #
.......#......# #
...............##
##
......$.@(....<.##
##.
.......o)........#
#..
#......##.......##
##.. #######
###.(....####...
##...........#
##..........#
##....###...
#.^...###..
#.......###.


You could see an orc.

Vanquished Creatures
  2 ogres (D:5)
  2 ice beasts (D:5)
  A phantom (D:5)
  A sky beast (D:6)
  A big kobold (Sewer)
  A scorpion (D:4)
  A crimson imp (D:6)
  Dowan (D:4)
  2 hounds (D:5)
  A goliath beetle (D:6)
  3 jellies (D:5)
  6 orc priests
  A worker ant (D:5)
  5 orc wizards
  2 iguanas
  An ogre skeleton (D:5)
  6 gnolls
  5 adders
  A shadow imp (D:6)
  2 worms
  5 giant geckos
  2 oozes (D:3)
  14 orcs
  A ball python (D:5)
  12 bats
  7 giant cockroaches
  9 goblins
  10 hobgoblins
  7 jackals
  12 kobolds
  A quokka (D:6)
  3 giant newts (D:1)
  14 rats
142 creatures vanquished.

Vanquished Creatures (others)
  A giant gecko (D:3)
  A hobgoblin (D:3)
2 creatures vanquished.

Grand Total: 144 creatures vanquished

Notes
Turn   | Place    | Note
--------------------------------------------------------------
     0 | D:1      | Ratboiler, the Octopode Transmuter, began the quest for the Orb.
     0 | D:1      | Reached XP level 1. HP: 13/13 MP: 3/3
   441 | D:1      | Reached XP level 2. HP: 16/18 MP: 4/4
   766 | D:1      | Found a sparkling altar of Nemelex Xobeh.
  1110 | D:1      | Reached XP level 3. HP: 20/23 MP: 6/6
  1116 | D:1      | Learned a level 2 spell: Sticks to Snakes
  1120 | D:1      | Learned a level 3 spell: Spider Form
  2364 | D:3      | Reached XP level 4. HP: 21/28 MP: 3/7
  2366 | D:3      | Reached skill level 4 in Transmutations
  3129 | D:3      | Found a radiant altar of Vehumet.
  3170 | D:3      | Reached XP level 5. HP: 33/33 MP: 9/9
  3503 | D:3      | Noticed runewalsh's ghost (weakling TrWz)
  3550 | D:4      | Noticed Menkaure
  3643 | D:4      | Noticed Dowan
  3714 | D:4      | Killed Dowan
  3714 | D:4      | Reached skill level 5 in Transmutations
  4016 | D:4      | Noticed Duvessa
  4162 | D:4      | Noticed Ratboiler's ghost (average OpTm)
  4638 | D:4      | Noticed an ogre
  4655 | D:4      | Reached XP level 6. HP: 38/38 MP: 10/10
  4685 | D:5      | Entered Level 5 of the Dungeon
  4712 | D:5      | Reached skill level 6 in Transmutations
  5288 | D:5      | Found a glowing drain.
  5295 | Sewer    | Entered a sewer
  5631 | Sewer    | Found a glowing silver altar of Zin.
  5747 | D:5      | Reached skill level 7 in Transmutations
  5747 | D:5      | Reached XP level 7. HP: 39/43 MP: 12/12
  5817 | D:5      | Found a burning altar of Makhleb.
  6317 | D:5      | Reached skill level 8 in Transmutations
  6425 | D:6      | HP: 2/43 [poisoned by a worker ant]
  6940 | D:5      | Reached skill level 9 in Transmutations
  6940 | D:5      | Reached XP level 8. HP: 46/48 MP: 13/13
  6947 | D:5      | Learned a level 5 spell: Blade Hands
  8882 | D:6      | Reached skill level 5 in Spellcasting
  8892 | D:6      | Slain by an orc

Action                   |  1- 3 |  4- 6 |  7- 9 || total
-------------------------+-------+-------+-------++-------
Melee: Unarmed           |    99 |   110 |   158 ||   367
       Dagger            |       |    34 |       ||    34
       Long sword        |       |       |    40 ||    40
Throw: Throwing net      |       |     2 |       ||     2
 Cast: Beastly Appendage |    11 |     6 |     1 ||    18
       Spider Form       |     1 |    14 |     8 ||    23
       Sticks to Snakes  |       |     9 |       ||     9
       Blade Hands       |       |       |     6 ||     6
Evoke: Wand              |       |     1 |       ||     1
  Use: Scroll            |       |     3 |       ||     3
       Potion            |       |     1 |     3 ||     4
 Stab: Sleeping          |       |     1 |     2 ||     3
  Eat: Chunk             |     5 |    10 |     7 ||    22
       Fruit             |       |     3 |     2 ||     5
       Meat ration       |       |       |     1 ||     1
